 Dungeon Crawl Stone Soup version 0.25-a0-860-gf695395 (webtiles) character file.

Game seed: 7983238542602424663, levelgen mode: deterministic

9 Illumine the Chopper (level 2, 0/27 HPs)
             Began as a Hill Orc Monk on Apr 28, 2020.
             Succumbed to an adder's poison
             ... on level 2 of the Dungeon.
             The game lasted 00:01:38 (529 turns).

Illumine the Chopper (Hill Orc Monk)                 Turns: 529, Time: 00:01:39

Health: 0/27       AC:  3    Str: 13    XL:     2   Next: 16%
Magic:  2/2        EV: 12    Int: 10    God:
Gold:   14         SH:  0    Dex: 13    Spells: 1/1 levels left

rFire    . . .     SeeInvis .   a - +0 hand axe
rCold    . . .     Gourm    .   (no shield)
rNeg     . . .     Faith    .   f - +0 leather armour
rPois    .         Spirit   .   (no helmet)
rElec    .         Reflect  .   (no cloak)
rCorr    .         Harm     .   (no gloves)
MR       .....                  (no boots)
Stlth    ++........             (no amulet)
HPRegen  0.09/turn              (no ring)
MPRegen  0.08/turn              (no ring)

@: lethally poisoned (0 -> -12), stab, very slightly contaminated, invisible
A: no striking features
a: no special abilities


You were on level 2 of the Dungeon.
You were not hungry.

You visited 1 branch of the dungeon, and saw 2 of its levels.

You collected 14 gold pieces.

Inventory:

Hand Weapons
 a - a +0 hand axe (weapon)
 k - a +0 hunting sling of freezing
Missiles
 j - 5 stones (quivered)
Armour
 f - a +0 leather armour (worn)
Scrolls
 b - a scroll of teleportation {unknown}
 g - a scroll of enchant armour {unknown}
 h - a scroll of magic mapping
Comestibles
 c - 2 rations


   Skills:
 + Level 3.8 Fighting
 * Level 4.4 Axes
 + Level 0.7 Armour
 - Level 2.4 Dodging
 - Level 1.5 Stealth


You had one spell level left.
You didn't know any spells.
Your spell library was empty.

Dungeon Overview and Level Annotations

Branches:
Dungeon (2/15)

Altars:


Message History

The adder is lightly wounded.
* * * LOW HITPOINT WARNING * * *
You feel sick. The adder bites you but does no damage.
It was a potion of stabbing.
You feel ready to backstab.
* * * LOW HITPOINT WARNING * * *
You feel sick. The adder bites you.
* * * LOW HITPOINT WARNING * * *
You are more poisoned.
The adder poisons you! The adder barely misses you.
It was a potion of invisibility.
You fade into invisibility!
* * * LOW HITPOINT WARNING * * *
You feel sick. The adder closely misses you.
You are very lightly contaminated with residual magic.
Sorry, you're not good enough to have a special ability.
As you read the scroll labeled VAGIN IHOISAOTH, it crumbles to dust.
You feel aware of your surroundings.
You sensed 2 altars.
It was a scroll of magic mapping.
You die...

**************,,,,,,,,
*,,,,,,,,,, *,*,,,,,,,,
*,*,,,,,,,, *,***,,,***
*,**,,*,,,, ****#######*
***,*,,*,,,,, **,,,.......##
**,,,,,,,,,,,,
**,,,,.......@#**,,,,*,*,,,,,,
*,,,,,..[....S.#*,,*,,,*,,,,,,
*,,,,,.%.....(...,,*,***,,,,,©
*,,,,,.............,,,,,,*****
*,,,,,...........###***,**8,,_
*,,,,,...)......## *,*,,,,,
**,,,,..........# *,*,**,,
**,,,..........# *,*,**,,
**********,,,,* *,*,,,,,


You could see an adder.

Vanquished Creatures
  A goblin (D:1)
  A hobgoblin (D:1)
  2 frilled lizards (D:1)
  3 kobolds (D:1)
  4 rats (D:1)
11 creatures vanquished.

Notes
Turn   | Place    | Note
-------+----------+-------------------------------------------
     0 | D:1      | Illumine the Hill Orc Monk began the quest for the Orb.
     0 | D:1      | Reached XP level 1. HP: 19/19 MP: 1/1
   458 | D:1      | Reached XP level 2. HP: 24/27 MP: 2/2
   528 | D:2      | HP: 1/27 [poisoned by an adder]
   529 | D:2      | Succumbed to an adder's poison

Levels and vault maps discovered:
D:1:      evilmike_arrival_crescent, layout_basic, hangedman_decor_points,
          chequers_big_river, minmay_misc_feat_room, serial_park_tiny_1,
          minmay_pentomino_r4
D:2:      layout_rooms, gammafunk_temple_overflow_arena,
          chequers_ecumenical_altar_twisty, minmay_cupped, uniq_natasha,
          uniq_terence, uniq_sigmund

Action                   || total
-------------------------++-------
Melee: Hand axe          ||    30
Throw: Stone             ||     1
  Use: Potion            ||     2
       Scroll            ||     1
Armor: Leather armour    ||    11
Dodge: Dodged            ||    20

Table legend:
 A = Non-vault XP
 B = Vault XP
 C = Vault XP percentage of total XP
 D = Non-vault monster count
 E = Vault monster count
 F = Vault count percentage of total count
                 A         B        C        D         E       F
            +---------+---------+-------+---------+---------+-------
      Total |      11 |       3 |  21.4 |       9 |       2 |  18.2
            +---------+---------+-------+---------+---------+-------
        D:1 |      11 |       3 |  21.4 |       9 |       2 |  18.2
            +---------+---------+-------+---------+---------+-------
